AoeStats
← 牛欢喜

Black Forest

505688328Analyzed
4v4 RM · 22d ago on Sep 10, 2026· 42m 4s· 8 players
Game mode
Random Map
Map size
Large (8 player)
Population
200
Speed
Normal
Resources
Standard
Victory
Conquest
Starting age
Dark Age
Ending age
Imperial Age
RankedLock teamsTeams togetherTeam positionsShared explorationLock speedFull tech treeHidden civsTurbo modeCheats
Victory
Defeat
🇨🇳 Tatars · China
1624
+9
🇨🇳 Italians · China
1600
+10
1487
+14
🇨🇦 Britons · Canada
1419
+16
🇧🇷 Burgundians · Brazil
1501
-14
🇭🇰 Japanese · Hong Kong SAR China
1445
-12
🇨🇦 Bengalis · Canada
1436
-12
🇩🇪 Bohemians · Germany
1411
-11
BUCKFUTTER
4:27 Loom
12:48 Feudal Age
13:37 Double-Bit Axe
13:45 Horse Collar
17:49 Castle Age
19:22 Gold Mining
20:33 Bow Saw
21:18 Heavy Plow
23:55 Imperial Age
21:37 Fletching
23:01 Bodkin Arrow
25:18 Bracer
29:24 Chemistry
29:41 Ballistics
29:36 Padded Archer Armor
30:29 Masonry
33:59 Warwolf
38:18 Caravan
39:02 Yeomen
39:02 Conscription
40:19 Elite Longbowman
42:15 Wheelbarrow
2∂√∞.≈≠䨻≥∰∇∀
10:55 Feudal Age
11:43 Double-Bit Axe
14:26 Castle Age
15:47 Horse Collar
16:21 Bow Saw
16:17 Horse Collar
20:10 Heavy Plow
22:38 Wheelbarrow
22:24 Stone Mining
24:11 Hand Cart
25:25 Stone Shaft Mining
24:42 Gold Mining
29:22 Imperial Age
27:02 Loom
27:19 Scale Mail Armor
27:29 Forging
27:20 Man-at-Arms
28:03 Squires
28:19 Chain Mail Armor
28:49 Pikeman
28:53 Long Swordsman
30:10 Iron Casting
30:09 Perfusion
30:34 Masonry
31:09 Conscription
30:14 Two-Handed Swordsman
30:40 Champion
32:33 Blast Furnace
33:07 Two-Man Saw
32:25 Pikeman
32:48 Halberdier
35:30 Capped Ram
37:15 Crop Rotation
36:36 Fletching
39:32 Anarchy
38:54 Elite Huskarl
牛欢喜
0:30 Loom
12:02 Feudal Age
16:40 Castle Age
14:45 Double-Bit Axe
15:53 Horse Collar
24:10 Fortified Wall
25:05 Masonry
27:22 Wheelbarrow
27:03 Heavy Plow
27:15 Bow Saw
27:57 Gold Mining
32:20 Imperial Age
29:57 Squires
29:43 Arson
30:41 Caravan
31:26 Silk Road
32:44 Forging
32:34 Scale Mail Armor
33:10 Hand Cart
32:41 Town Watch
34:03 Chemistry
33:24 Ballistics
33:36 Architecture
33:41 Stone Mining
34:17 Elite Genoese Crossbowman
35:19 Conscription
35:05 Fletching
35:16 Padded Archer Armor
36:02 Bodkin Arrow
36:43 Iron Casting
36:23 Chain Mail Armor
37:24 Leather Archer Armor
37:10 Bracer
39:29 Ring Archer Armor
39:31 Plate Mail Armor
40:01 Blast Furnace
38:23 Pikeman
40:18 Hoardings
40:08 Thumb Ring
咸酸菜
0:38 Loom
9:32 Feudal Age
9:47 Man-at-Arms
19:25 Double-Bit Axe
20:11 Horse Collar
25:23 Castle Age
24:18 Fletching
25:21 Gold Mining
25:22 Stone Mining
27:15 Wheelbarrow
29:35 Bow Saw
29:28 Heavy Plow
34:49 Imperial Age
34:08 Bloodlines
33:59 Husbandry
35:45 Coinage
35:47 Siege Engineers
36:43 Chemistry
36:27 Hand Cart
35:59 Town Watch
37:04 Conscription
42:45 Scale Barding Armor
42:51 Forging
三姓家nacho
6:35 Loom
9:03 Feudal Age
9:56 Double-Bit Axe
12:02 Fletching
14:50 Horse Collar
17:38 Wheelbarrow
22:14 Castle Age
22:22 Arson
22:06 Man-at-Arms
23:10 Hand Cart
28:57 Imperial Age
26:03 Elite Skirmisher
26:51 Padded Archer Armor
27:27 Bodkin Arrow
28:36 Leather Archer Armor
29:50 Bracer
30:56 Chemistry
32:28 Ballistics
32:23 Bracer
34:05 Crossbowman
Mr.stealyoBoar
5:19 Loom
12:31 Feudal Age
16:49 Castle Age
14:36 Double-Bit Axe
14:35 Horse Collar
22:24 Wheelbarrow
22:09 Bow Saw
22:36 Heavy Plow
25:12 Hand Cart
24:51 Gold Mining
26:40 Elite Skirmisher
30:16 Imperial Age
29:00 Gold Shaft Mining
28:40 Forging
28:21 Fletching
28:31 Padded Archer Armor
29:08 Ballistics
29:13 Fortified Wall
29:55 Bodkin Arrow
30:17 Leather Archer Armor
30:51 Caravan
32:22 Chemistry
31:24 Bracer
31:27 Stone Mining
31:09 Elite Elephant Archer
33:49 Siege Elephant
36:08 Paiks
Baratticus
1:36 Loom
12:25 Feudal Age
17:29 Castle Age
21:50 Imperial Age
19:39 Double-Bit Axe
20:11 Fervor
21:50 Chemistry
21:12 Horse Collar
Gomes
6:05 Loom
6:15 Double-Bit Axe
9:46 Wheelbarrow
11:27 Feudal Age
11:20 Horse Collar
13:17 Bow Saw
15:44 Castle Age
15:13 Heavy Plow
15:53 Gold Mining
18:16 Two-Man Saw
18:37 Crop Rotation
22:23 Stone Mining
23:09 Hand Cart
24:42 Gold Shaft Mining
28:57 Imperial Age
26:30 Loom
26:55 Scale Barding Armor
27:43 Stone Shaft Mining
26:32 Cavalier
27:13 Husbandry
28:02 Chain Barding Armor
28:35 Forging
29:11 Treadmill Crane
29:14 Paladin
29:34 Capped Ram
31:23 Plate Barding Armor
32:45 Chemistry
33:14 Iron Casting
33:16 Conscription
35:47 Padded Archer Armor
36:48 Blast Furnace
36:48 Leather Archer Armor
38:00 Town Watch
38:32 Burgundian Vineyards
Connection lost

Rejoining the realm…

Still unreachable

The connection could not be restored.

Session expired

The server has moved on; the page needs a fresh start.